Map: Lost and Found LE

Players

IIIIIIIIIIII

  • Race: Terran Terran
  • League: Diamond
  • Spawn Location: 1:00

Stropheum - Winner!

  • Race: Zerg Zerg
  • League: Master
  • Spawn Location: 7:00

VOD

Have the link to the VOD?

Description

Time

  • Played on: Oct. 6, 2018, 5:40 a.m.
  • Length: 21:08
Show
View Real Time Build Order
Export as new Build Order

IIIIIIIIIIII Terran 

Build Orders:  

Get SALT Encoding   

  12  0:01  SCV  
  13  0:13  SCV  
  14  0:17  Supply Depot  
  14  0:25  SCV  
  15  0:39  SCV  
  15  0:41  Barracks  
  16  0:51  SCV  
  16  0:56  Refinery  
  17  1:03  SCV  
  18  1:15  SCV  
  19  1:27  Orbital Command  
  19  1:28  Marine  
  20  1:37  Command Center  
  20  1:48  Marine  
  21  1:54  SCV  
  22  2:05  Factory  
  22  2:07  SCV  
  23  2:16  Refinery  
  23  2:19  Supply Depot  
  23  2:21  Barracks Reactor  
  23  2:40  SCV  
  23  2:43  Command Center  
  24  2:51  Supply Depot  
  24  2:52  SCV  
  24  2:55  Orbital Command  
  24  3:10  Hellion x2  
  26  3:17  Marine  
  26  3:21  SCV x2  
  28  3:34  Widow Mine  
  28  3:38  SCV x2  
  28  3:39  Bunker  
  32  3:44  Widow Mine  
  32  3:46  Barracks Tech Lab  
  34  3:50  SCV x2  
  36  4:01  Widow Mine  
  36  4:02  SCV x2  
  40  4:05  Widow Mine  
  40  4:09  Armory  
  42  4:16  SCV x2  
  44  4:20  Orbital Command  
  44  4:27  Widow Mine  
  44  4:28  SCV x2  
  48  4:37  Factory  
  48  4:40  SCV x2, Barracks Tech Lab  
  48  4:44  Ghost Academy  
  50  4:48  SCV  
  50  4:52  SCV x2  
  53  4:53  Refinery  
  53  4:55  Refinery  
  53  4:58  Terran Vehicle Weapons Level 1  
  53  5:00  SCV  
  53  5:01  Widow Mine  
  53  5:04  SCV  
  57  5:09  SCV  
  57  5:12  SCV  
  57  5:13  Engineering Bay  
  59  5:16  SCV  
  56  5:28  SCV x2  
  56  5:29  SCV  
  56  5:30  Ghost  
  56  5:34  Drilling Claws  
  61  5:41  Supply Depot x2  
  61  5:47  Supply Depot  
  61  5:51  Supply Depot x2  
  61  5:52  Supply Depot  
  61  5:55  SCV x3, Widow Mine x2  
  68  6:02  Ghost  
  68  6:03  Widow Mine  
  72  6:06  Supply Depot  
  72  6:07  SCV x3  
  72  6:08  Personal Cloaking  
  75  6:14  Missile Turret  
  75  6:16  Supply Depot  
  75  6:17  Widow Mine  
  77  6:19  SCV  
  77  6:21  SCV x2, Missile Turret  
  77  6:25  Refinery  
  80  6:27  Sensor Tower  
  80  6:30  Refinery  
  80  6:31  SCV  
  81  6:33  SCV  
  81  6:37  SCV  
  83  6:43  Ghost, SCV  
  83  6:45  SCV  
  83  6:46  Factory  
  87  6:48  Widow Mine x2  
  87  6:49  Widow Mine  
  87  6:50  SCV  
  87  6:52  Terran Vehicle And Ship Armor Level 1  
  94  6:55  SCV  
  94  6:57  SCV  
  96  7:04  Starport  
  96  7:05  Missile Turret  
  96  7:06  SCV  
  96  7:08  SCV  
  98  7:09  SCV  
  98  7:11  Supply Depot  
  98  7:13  Widow Mine  
  98  7:14  Widow Mine  
  98  7:15  Supply Depot, Widow Mine  
  105  7:18  SCV  
  105  7:20  SCV, Missile Turret  
  105  7:22  SCV  
  108  7:26  Ghost  
  110  7:35  Factory Reactor  
  110  7:38  Sensor Tower  
  110  7:39  Factory  
  110  7:41  Viking  
  112  7:54  Widow Mine x3  
  118  8:03  SCV x3  
  121  8:13  Widow Mine x2  
  121  8:15  Widow Mine x2  
  129  8:26  Viking, Factory Reactor  
  131  8:27  Widow Mine  
  131  8:28  SCV x3  
  136  8:34  Widow Mine x2  
  136  8:37  Widow Mine  
  142  8:48  Command Center  
  142  8:49  Widow Mine x2  
  142  8:54  Command Center  
  142  8:55  Factory  
  146  8:56  Factory, Widow Mine  
  146  8:57  Factory  
  146  9:00  Factory  
  146  9:01  Factory  
  146  9:02  Supply Depot  
  148  9:09  Terran Vehicle Weapons Level 2  
  148  9:10  Ghost  
  148  9:11  Widow Mine x2  
  148  9:13  Supply Depot  
  148  9:14  Supply Depot, Widow Mine  
  156  9:24  Widow Mine x4  
  156  9:26  Supply Depot x2  
  156  9:27  Supply Depot  
  156  9:28  Supply Depot  
  156  9:31  Supply Depot  
  162  9:32  Widow Mine x2  
  162  9:33  Viking  
  162  9:35  Widow Mine  
  170  9:46  Widow Mine x3  
  176  9:58  Refinery  
  175  10:03  Refinery  
  145  10:20  Factory Reactor x3  
  145  10:21  Factory Reactor x2  
  137  10:23  Ghost  
  137  10:25  Widow Mine x2  
  137  10:26  Widow Mine x5  
  137  10:27  Starport Tech Lab  
  153  10:31  Planetary Fortress  
  151  10:36  Sensor Tower  
  151  10:47  Widow Mine x4  
  142  11:02  Thor, Widow Mine  
  142  11:03  Widow Mine x3  
  134  11:09  SCV x4  
  138  11:21  SCV  
  119  11:35  Widow Mine x3  
  119  11:36  Widow Mine x9  
  119  11:37  Hellion x3, Widow Mine  
  119  11:38  Raven  
  119  11:39  Ghost  
  151  11:44  Thor  
  157  11:52  Terran Vehicle And Ship Armor Level 2  
  157  11:57  Hellion x2  
  157  11:59  Hellion  
  157  12:00  Hellion x7  
  157  12:01  Widow Mine x6  
  182  12:32  Widow Mine x5  
  182  12:33  Widow Mine x4  
  198  13:38  Command Center  
  122  13:57  Thor  
  122  13:58  Widow Mine x4  
  122  13:59  Widow Mine x8  
  122  14:01  Widow Mine x4  
  146  14:20  Widow Mine x6  
  140  14:40  Thor  
  144  14:49  Refinery  
  132  14:56  Widow Mine x3  
  132  14:57  Hellion x2, Widow Mine x5  
  132  14:58  Hellion x3  
  140  15:06  Hellion x3, Raven  
  128  15:17  Widow Mine  
  128  15:18  Widow Mine x2  
  123  15:23  Thor  
  123  15:24  Widow Mine x4  
  123  15:25  Widow Mine x5  
  123  15:26  Widow Mine  
  123  15:27  Terran Vehicle Weapons Level 3, Widow Mine  
  142  15:37  Command Center  
  142  15:44  Refinery  
  142  15:49  Raven  
  144  15:53  Sensor Tower  
  144  15:54  Widow Mine  
  144  15:55  Widow Mine x8  
  144  15:56  Widow Mine x7  
  176  15:58  Command Center  
  160  16:06  Thor  
  166  16:16  Widow Mine x4  
  166  16:17  Widow Mine x2  
  174  16:21  Missile Turret  
  170  16:32  Raven  
  113  16:42  Widow Mine x4  
  119  16:49  Thor  
  105  16:54  Widow Mine x4  
  105  16:55  Hellion x2, Widow Mine x3  
  115  17:16  SCV x3  
  115  17:17  SCV x2  
  115  17:20  Refinery  
  116  17:31  Thor  
  98  17:48  Hellion  
  98  17:49  Hellion x2  
  98  17:51  Planetary Fortress  
  84  17:56  Widow Mine x3  
  84  17:57  Widow Mine x7  
  84  17:58  Widow Mine x3  
  109  18:04  Terran Vehicle And Ship Armor Level 3  
  109  18:06  SCV x2  
  109  18:07  SCV  
  112  18:14  Ghost, Thor  
  112  18:18  SCV  
  121  18:25  SCV x2  
  123  18:29  Widow Mine  
  123  18:31  SCV  
  126  18:37  SCV  
  90  18:57  Thor  
  89  19:09  Widow Mine x3  
  83  19:16  Widow Mine  
  80  19:40  Thor  
  80  19:43  Widow Mine x2  
  90  19:50  Orbital Command  
  90  20:00  SCV  
  91  20:23  Thor  
  91  20:26  Refinery  
  65  20:36  Widow Mine x2  
Show
View Real Time Build Order
Export as new Build Order

Stropheum Zerg - Winner!

Build Orders: Hatch First 

Get SALT Encoding   

  12  0:01  Drone  
  13  0:12  Overlord  
  13  0:16  Drone  
  14  0:31  Drone x2  
  14  0:34  Drone  
  17  0:53  Hatchery  
  17  0:56  Drone  
  17  0:58  Drone  
  18  1:10  Extractor  
  17  1:15  Spawning Pool  
  17  1:17  Drone  
  17  1:20  Drone  
  18  1:28  Drone  
  19  1:39  Overlord  
  19  2:03  Zergling x4  
  19  2:04  Queen  
  19  2:05  Zergling x2, Queen  
  26  2:13  Metabolic Boost  
  26  2:15  Drone  
  27  2:16  Drone  
  27  2:22  Drone  
  29  2:29  Drone  
  30  2:40  Hatchery  
  29  2:48  Queen  
  31  2:52  Overlord  
  31  2:59  Drone x2  
  31  3:00  Drone  
  32  3:13  Drone x4  
  32  3:19  Drone  
  39  3:20  Drone x3  
  39  3:37  Drone x4  
  39  3:40  Baneling Nest  
  42  3:43  Overlord  
  42  3:44  Evolution Chamber  
  42  3:47  Overlord  
  41  3:55  Drone x6  
  47  3:57  Drone  
  47  3:59  Extractor  
  47  4:04  Queen  
  47  4:08  Queen  
  51  4:14  Lair  
  51  4:32  Overlord x2  
  51  4:35  Zergling x12  
  51  4:36  Zergling x8  
  61  4:58  Zerg Ground Armor Level 1  
  61  4:59  Overlord  
  61  5:00  Overlord  
  61  5:03  Drone x10  
  61  5:30  Centrifical Hooks  
  61  5:36  Extractor  
  61  5:39  Zergling x2  
  61  5:40  Hydralisk Den, Zergling x24  
  72  5:44  Extractor  
  72  5:46  Extractor  
  70  5:52  Hatchery  
  70  5:53  Hatchery  
  70  5:56  Drone x5  
  73  6:04  Drone x4  
  73  6:05  Drone x2  
  73  6:06  Drone x3  
  73  6:10  Drone  
  83  6:13  Drone  
  83  6:17  Drone  
  85  6:19  Drone  
  86  6:28  Grooved Spines  
  86  6:32  Infestation Pit  
  85  6:39  Overlord x4  
  85  6:41  Drone x7  
  92  6:54  Zerg Ground Armor Level 2  
  92  6:57  Evolution Chamber  
  92  7:00  Hydralisk x4  
  99  7:01  Extractor  
  99  7:07  Overseer  
  98  7:19  Extractor, Drone x11  
  98  7:20  Drone x3  
  98  7:21  Extractor  
  110  7:28  Hive  
  110  7:30  Zerg Melee Weapons Level 1  
  110  7:31  Overseer  
  110  7:35  Overlord x4  
  110  7:36  Hydralisk x3  
  116  7:40  Muscular Augments  
  116  7:43  Pneumatized Carapace  
  116  7:53  Hydralisk, Overlord x3  
  116  7:54  Hydralisk x3  
  116  7:58  Drone  
  125  8:11  Hydralisk  
  125  8:12  Hydralisk x7  
  141  8:26  Overseer  
  141  8:27  Overseer x2  
  141  8:28  Hatchery  
  140  8:46  Hydralisk x11  
  162  8:49  Overseer  
  162  8:52  Spore Crawler  
  162  8:54  Drone x3  
  162  8:55  Spine Crawler x2  
  162  8:56  Spore Crawler  
  162  8:57  Drone x3  
  162  8:58  Spine Crawler  
  162  8:59  Spine Crawler, Drone x3  
  165  9:06  Baneling x7  
  165  9:07  Baneling x6  
  165  9:08  Baneling  
  165  9:09  Spine Crawler  
  164  9:12  Spore Crawler  
  164  9:16  Ultralisk Cavern  
  162  9:24  Adrenal Glands  
  162  9:41  Overlord  
  162  9:42  Overlord x2  
  162  9:44  Zerg Ground Armor Level 3  
  162  9:46  Zerg Melee Weapons Level 2  
  148  10:21  Overseer x6  
  148  10:24  Chitinous Plating  
  148  10:28  Overlord x9  
  148  10:29  Overlord  
  148  10:37  Overlord  
  148  10:38  Overlord x5  
  137  10:54  Overseer  
  135  11:12  Overlord x7  
  135  11:13  Overseer  
  135  11:14  Overseer x10  
  135  11:17  Zergling x6  
  135  11:18  Zergling x52  
  159  11:21  Hydralisk  
  159  11:22  Hydralisk x4  
  168  11:32  Hydralisk x8  
  148  11:38  Viper  
  147  11:53  Hydralisk  
  147  11:54  Hydralisk x9  
  155  12:11  Hydralisk x8  
  155  12:14  Zerg Missile Weapons Level 1  
  154  12:26  Ultralisk  
  160  12:30  Ultralisk  
  166  12:37  Extractor  
  166  12:38  Drone x4  
  166  12:39  Spine Crawler  
  166  12:40  Extractor  
  166  12:42  Ultralisk  
  173  12:44  Viper  
  173  12:51  Zerg Melee Weapons Level 3  
  176  13:10  Ultralisk x2  
  188  13:41  Hatchery  
  151  13:53  Hydralisk x5  
  151  13:54  Hydralisk x16  
  133  14:19  Hydralisk x8  
  133  14:20  Hydralisk x4  
  157  14:29  Drone  
  158  14:41  Ultralisk  
  158  14:42  Ultralisk  
  158  14:43  Ultralisk  
  172  14:58  Viper x3  
  175  15:04  Zergling x2  
  175  15:05  Zergling x26  
  181  15:19  Hydralisk x7  
  189  15:33  Zerg Missile Weapons Level 2  
  189  15:35  Overseer x4  
  189  15:51  Baneling x4  
  189  15:52  Baneling x17  
  189  16:01  Spore Crawler, Drone  
  189  16:02  Spine Crawler, Drone x2  
  189  16:03  Spine Crawler  
  183  16:09  Baneling  
  183  16:10  Baneling x6  
  152  16:38  Hydralisk x16  
  152  16:39  Hydralisk x7  
  179  16:51  Hydralisk x6  
  179  17:08  Extractor x2  
  177  17:15  Ultralisk x2  
  189  17:18  Spine Crawler  
  189  17:19  Spine Crawler  
  189  17:20  Spore Crawler  
  189  17:22  Ultralisk  
  164  17:46  Ultralisk  
  164  17:47  Ultralisk x3  
  164  17:48  Overlord  
  164  17:49  Overlord  
  178  18:12  Overseer x4  
  178  18:17  Ultralisk  
  178  18:18  Hatchery  
  169  18:55  Ultralisk x4  
  181  18:56  Overlord x5  
  151  19:13  Hydralisk x6  
  163  19:25  Overseer  
  163  19:28  Overseer  
  163  19:33  Drone  
  163  19:34  Drone x5  
  169  19:46  Overseer  
  169  19:49  Overseer x3  
  169  19:58  Ultralisk x3  
  187  20:12  Hydralisk x6  
  184  20:47  Overseer  
Tags
 
Add a new tag
Caveats
  • Supply blocks, unpowered buildings, or Contaminate may cause inaccurate times.
  • Supply counts are checked every 10 seconds.